 Dungeon Crawl Stone Soup version 0.26.1-11-gd32895ea62 (webtiles) character file.

Game seed: 6529939402753853690

338 Tirrikindir the Slasher (level 6, -3/43 HPs)
             Began as an Octopode Fighter on June 21, 2021.
             Slain by a water moccasin (5 damage)
             ... on level 3 of the Dungeon.
             The game lasted 00:05:15 (2119 turns).

Tirrikindir the Slasher (Octopode Fighter)          Turns: 2119, Time: 00:05:17

Health: -3/43      AC:  1    Str: 16    XL:     6   Next: 55%
Magic:  6/6        EV: 12    Int: 10    God:
Gold:   141        SH: 10    Dex: 13    Spells: 5/5 levels left

rFire    . . .     SeeInvis +   g - +2 falchion
rCold    + . .     Faith    .   b - +1 kite shield
rNeg     . . .     Spirit   .   (helmet restricted)
rPois    .         Reflect  .   i - amulet of regeneration
rElec    .         Harm     .   (no ring)
rCorr    .         Rampage  .   (no ring)
Will     .....                  (no ring)
Stlth    +++.......             (no ring)
HPRegen  0.54/turn              (no ring)
MPRegen  0.10/turn              (no ring)
                                (no ring)
                                (no ring)

@: mighty, lethally poisoned (-3 -> -23)
A: almost no armour, stealthy swim, amphibious, 8 rings, constrict 8, camouflage
1, see invisible, cold resistance 1, gelatinous body 1
a: no special abilities


You were on level 3 of the Dungeon.
You visited 1 branch of the dungeon, and saw 3 of its levels.

You collected 141 gold pieces.

Inventory:

Hand Weapons
 a - a +0 short sword
 g - a +2 falchion (weapon)
Missiles
 d - 2 poisoned darts (quivered)
Armour
 b - a +1 kite shield (worn)
Jewellery
 i - an amulet of regeneration (around mantle)
 l - an uncursed ring of fire
Scrolls
 h - 2 scrolls of remove curse
 k - a scroll of teleportation
 m - a scroll of fear {unknown}
Potions
 c - a potion of might
 e - a potion of invisibility
 f - a potion of brilliance


   Skills:
 - Level 4.0 Fighting
 * Level 4.2 Long Blades
 - Level 4.0 Dodging
 + Level 3.2 Stealth
 - Level 4.0 Shields


You had 5 spell levels left.
You didn't know any spells.
Your spell library contained the following spells:

 Spells                   Type           Power        Failure   Level
 Shock                    Conj/Air       0%           83%         1


Dungeon Overview and Level Annotations

Branches:
Dungeon (3/15)

Altars:
Okawaru
Sif Muna
Trog


Innate Abilities, Weirdness & Mutations

You cannot wear most types of armour.
You are very stealthy in the water. (Stealth+)
You are amphibious.
You can wear up to eight rings at the same time.
You can use your tentacles to constrict eight enemies at once.
Your skin changes colour to match your surroundings (Stealth+).
Your rubbery body absorbs attacks. (AC +1, EV +1)
You have supernaturally acute eyesight. (SInv)
Your flesh is cold resistant. (rC+)


Message History

The water moccasin closely misses you. The water moccasin bites you.
You slash the water moccasin! Your grab misses the water moccasin.
The water moccasin is moderately wounded.
You feel sick. The water moccasin bites you!
You are lethally poisoned!
The water moccasin poisons you!
You slash the water moccasin! Your grab misses the water moccasin.
The water moccasin is severely wounded.
* * * LOW HITPOINT WARNING * * *
You feel very sick.
The water moccasin completely misses you.
The water moccasin misses you.
You miss the water moccasin. Your grab misses the water moccasin.
The water moccasin is severely wounded.
* * * LOW HITPOINT WARNING * * *
You feel very sick. The water moccasin bites you.
* * * LOW HITPOINT WARNING * * *
The water moccasin bites you.
You die...

#.#.##.# # #..#.# #.)....#
.$( #.##.##.## ###.#### ...
#.#......# ##^..## g.
#........# #.....# ..
###..###.# #.....# #S#
#...##.# #.....#
#.#######.#.##.# ##...##
####.(.....#.#)##.#
##.######.@Sg...##.#......#
#......#.#####.......)####
######.#.#####.##)#####
#.......#.......#
#.##.#..#.#...### #
#..........# ###........#
#####....#### ######
........).# #.....


You could see a water moccasin and a hobgoblin.

Vanquished Creatures
  3 orc priests (D:3)
  3 orc wizards (D:3)
  5 gnolls
  5 adders
  A white imp (D:3)
  5 worms
  A leopard gecko (D:3)
  6 orcs (D:3)
  2 ball pythons (D:3)
  A giant cockroach (D:2)
  4 goblins
  A hobgoblin (D:3)
  A quokka (D:2)
  7 bats
  4 frilled lizards
  4 kobolds
  8 rats
61 creatures vanquished.

Notes
Turn   | Place    | Note
-------+----------+-------------------------------------------
     0 | D:1      | Tirrikindir the Octopode Fighter began the quest for the
                  | Orb.
     0 | D:1      | Reached XP level 1. HP: 16/16 MP: 1/1
   482 | D:1      | Reached XP level 2. HP: 21/21 MP: 2/2
   837 | D:2      | Reached skill level 1 in Stealth
   840 | D:2      | Reached XP level 3. HP: 18/26 MP: 3/3
  1040 | D:2      | Reached XP level 4. HP: 31/31 MP: 4/4
  1424 | D:3      | Gained mutation: Your flesh is cold resistant. (rC+)
                  | [potion of mutation]
  1424 | D:3      | Gained mutation: You have supernaturally acute eyesight.
                  | (SInv) [potion of mutation]
  1574 | D:3      | Reached XP level 5. HP: 36/36 MP: 5/5
  1645 | D:3      | Found an iron altar of Okawaru.
  1715 | D:3      | Found a shimmering blue altar of Sif Muna.
  1725 | D:3      | Identified Sif Muna's Handbook of Flying Combat Magic
  1731 | D:3      | Found a bloodstained altar of Trog.
  2027 | D:3      | Reached XP level 6. HP: 16/43 MP: 6/6
  2109 | D:3      | Noticed a water moccasin
  2119 | D:3      | HP: 2/43 [water moccasin (6)]
  2119 | D:3      | Slain by a water moccasin

Illustrated notes

Levels and vault maps discovered:
D:1:      dpeg_arrival_ternary, layout_loops_corners, minmay_misc_feat_doors
D:2:      layout_rooms
D:3:      layout_loops_cross, nzn_overflow_gifts_of_might_and_magic,
          nicolae_overflow_crystal_walls

Skill      XL: |  1  2  3  4  5  6 |
---------------+-------------------+-----
Stealth        | 1 2 3 |  3.2
Long Blades    | 3 4 |  4.2
Dodging        | 4 |  4.0
Fighting       | 4 |  4.0
Shields        | 4 |  4.0

Action                   |  1- 3 |  4- 6 || total
-------------------------+-------+-------++-------
Melee: Long sword        |    45 |    49 ||    94
       Constrict         |    11 |    26 ||    37
       Tentacles         |    12 |    20 ||    32
       Falchion          |       |    33 ||    33
Throw: Dart              |     5 |     5 ||    10
  Use: Scroll            |     2 |     6 ||     8
       Potion            |       |     2 ||     2
 Stab: Sleeping          |     3 |     8 ||    11
Armor: Skin              |     4 |     3 ||     7
Dodge: Dodged            |    22 |    30 ||    52
Block: Kite shield       |    13 |    29 ||    42
       Rpst.: Long sword |     6 |     5 ||    11
       Falchion          |       |     4 ||     4
